 Dungeon Crawl Stone Soup version 0.20-a0-1122-gb7cbeb9 (webtiles) character file.

401 Gorglomux the Sneak (level 6, -3/30 HPs)
             Began as a Vine Stalker Assassin on May 13, 2017.
             Killed by divine providence
             ... invoked by an orc priest
              (11 damage)
             ... on level 4 of the Dungeon.
             The game lasted 00:08:11 (3236 turns).

Gorglomux the Sneak (Vine Stalker Assassin)         Turns: 3236, Time: 00:08:12

Health: -3/30      AC:  4    Str: 13    XL:     6   Next: 85%
Magic:  0/16       EV: 11    Int: 11    God:
Gold:   240        SH:  0    Dex: 18    Spells: 5/5 levels left

rFire    . . .     SeeInvis .   a - +2 dagger
rCold    . . .     Gourm    .   (no shield)
rNeg     . . .     Faith    .   c - +0 robe
rPois    .         Spirit   +   (no helmet)
rElec    .         Reflect  .   d - +0 cloak
rCorr    .         Harm     .   r - +0 pair of gloves
MR       .....                  (no boots)
Stlth    ++++......             (no amulet)
Regen    0.5/turn               s - ring of magical power {MP+9}
MPRegen  0.2/turn               F - ring of flight {+Fly, !d}

@: no status effects
A: fangs 2, regeneration 1, magic shield, antimagic bite, no potion heal 3, rot
immunity
a: Evoke Flight


You were on level 4 of the Dungeon.
You were hungry.

You visited 1 branch of the dungeon, and saw 4 of its levels.

You collected 240 gold pieces.

Inventory:

Hand Weapons
 a - a +2 dagger (weapon)
 b - a +0 blowgun
 k - a +0 hunting sling
   (You found it on level 1 of the Dungeon)
Missiles
 e - 66 poisoned needles
 f - 2 curare-tipped needles
 m - 15 sling bullets
Armour
 c - a +0 robe (worn)
 d - a +0 cloak (worn)
 r - a +0 pair of gloves (worn)
   (You found it on level 1 of the Dungeon)
Jewellery
 s - a ring of magical power (left hand) {MP+9}
   (You found it on level 2 of the Dungeon)
 F - a ring of flight (right hand) {+Fly, !d}
   (You found it on level 4 of the Dungeon)
Wands
 x - a wand of random effects (28/48)
   (You took it off Ijyb on level 3 of the Dungeon)
 D - a wand of random effects (17/48)
   (You found it on level 3 of the Dungeon)
Scrolls
 i - 5 scrolls of blinking {unknown}
 j - a scroll of enchant armour {unknown}
 l - 2 scrolls of remove curse {unknown}
 n - 3 scrolls of identify {unknown}
 v - 4 scrolls of teleportation {unknown}
 w - 2 scrolls of recharging {unknown}
 y - a scroll of immolation {unknown}
 C - a scroll of magic mapping {unknown}
Potions
 o - 2 potions of lignification {unknown}
 p - a potion of haste {unknown}
 q - 2 potions of curing {unknown}
 z - 4 potions of agility {unknown}
 A - a potion of heal wounds {unknown}
Books
 E - a book of Minor Magic
   (You found it on level 4 of the Dungeon)
Comestibles
 g - 3 bread rations {@e1@e1}
 h - 2 fruits
 t - a royal jelly
 u - 3 meat rations {@e2@e2}
 B - 2 chunks of flesh {@w0@w0}


   Skills:
 - Level 1.7 Fighting
 + Level 4.7 Short Blades
 - Level 1.7 Throwing
 - Level 0.7 Dodging
 + Level 7.9 Stealth


You had 5 spell levels left.
You didn't know any spells.

Dungeon Overview and Level Annotations

Branches:
Dungeon (4/15)
 Temple: D:4-7

Altars:


Innate Abilities, Weirdness & Mutations

You have extremely sharp teeth.
Your natural rate of healing is unusually fast.
When hurt, damage is shared between your health and your magic reserves.
Your bite disrupts and absorbs the magic of your enemies.
Potions cannot restore your health.
You are immune to rotting.


Message History

An orc priest is nearby!
An orc priest is nearby!
An orc priest is nearby!
An orc priest is nearby!
An orc comes into view. It is wielding a dagger.
The orc shouts!
The orc priest shouts!
The orc priest casts a cantrip, but nothing happens.
An orc comes into view. It is wielding a dagger.
You barely miss the orc priest. Your bite misses the orc priest.
You hit the orc priest. Your bite misses the orc priest.
The orc priest hits you but does no damage.
Unknown command.
You hit the orc priest.
The orc priest hits you with a hand axe.
You take 2 damage, and have 28/30 hp.
You now have 15/16 mp.
Unknown command.
You closely miss the orc priest.
The orc priest mumbles some strange prayers to Beogh against you.
Pain shoots through your body!
You take 1 damage, and have 27/30 hp.
You now have 14/16 mp.
Unknown command.
Unknown command.
You hit the orc priest. Your bite misses the orc priest.
An orc comes into view. It is wielding a dagger.
Unknown command.
The orc shouts!
You hit the orc priest.
You bite the orc priest, but do no damage.
You hit the orc. You bite the orc. You drain its power.
You feel invigorated.
Unknown command.
MP restored: 16 You hit the orc.
You bite the orc, but do no damage.
Unknown command.
You hit the orc but do no damage. You bite the orc, but do no damage.
The orc closely misses you.
The orc priest begins to cast a cantrip, but forgets the words!
You hit the orc but do no damage. Your bite misses the orc.
The orc barely misses you.
You hit the orc. The orc hits you but does no damage.
Health restored: 30 You closely miss the orc.
Your bite misses the orc.
The orc priest calls down the wrath of Beogh upon you.
Beogh smites you! The orc hits you but does no damage.
You take 5 damage, and have 25/30 hp.
You now have 13/16 mp.
You hit the orc but do no damage. You hit the orc but do no damage.
The orc hits you but does no damage.
The orc priest calls upon Beogh to heal the orc.
The orc's wounds heal themselves!
Unknown command.
You completely miss the orc. The orc completely misses you.
The orc priest invokes the aid of Beogh against you.
Beogh smites you!
You take 5 damage, and have 21/30 hp.
You now have 11/16 mp.
Unknown command.
You hit the orc. You bite the orc. You drain its power.
You feel invigorated. The orc hits you but does no damage.
You regained 2 mp, and now have 13/16 mp.
Unknown command.
You hit the orc. You closely miss the orc. You bite the orc, but do no damage.
You are feeling hungry.
The orc hits you but does no damage.
The orc priest mumbles some strange prayers to Beogh against you.
Beogh smites you!
You take 7 damage, and have 15/30 hp.
MASSIVE DAMAGE!!
You now have 8/16 mp.
You are too injured to fight recklessly!
Unknown command.
Search for what [? for help]? brand Unknown command.
You are too injured to fight recklessly!
You are too injured to fight recklessly!
You hit the orc but do no damage. The orc barely misses you.
You completely miss the orc. You bite the orc, but do no damage.
The orc barely misses you.
The orc priest calls upon Beogh to heal the orc.
The orc's wounds heal themselves!
You hit the orc. You bite the orc, but do no damage.
The orc priest miscasts a cantrip.
The orc completely misses you.
You barely miss the orc. Your bite misses the orc.
The orc priest looks braver for a moment.
The orc priest casts a cantrip, but nothing happens.
The orc hits you but does no damage.
The orc priest mumbles some strange prayers to Beogh against you.
Beogh smites you!
You take 8 damage, and have 13/30 hp.
MASSIVE DAMAGE!!
You now have 7/16 mp.
Unknown command.
The orc priest invokes the aid of Beogh against you.
Beogh smites you!
* * * LOW HITPOINT WARNING * * *
You take 10 damage, and have 3/30 hp.
MASSIVE DAMAGE!!
You now have 2/16 mp.
The orc priest mumbles some strange prayers to Beogh against you.
Beogh smites you!
You die...

..####.........######## #รท....
#.....................######.....
######.........######.....#......
#.........#### ####.........
#...o........######[.##.....
#.........##.>.#.....##.....
#.........####.............. #
#######..o......##...#.##### .
#####@.......###...#.. .#
###.#####.#####..... .#
#...##..........###.
#.#..........#### ##
######....######..# # .........##
#..# ##.##.)## #..## #
##.#########...######
#.........###........


You could see an orc priest and an orc.

Vanquished Creatures
  A phantom (D:4)
  A bullfrog skeleton (D:4)
  An iguana (D:4)
  3 worker ants (D:4)
  Ijyb (D:3)
  8 adders
  An ooze (D:2)
  A worm (D:3)
  3 dart slugs
  2 leopard geckos (D:3)
  4 orcs (D:3)
  2 giant cockroaches
  11 hobgoblins
  7 jackals
  7 kobolds
  3 quokkas
  2 ball pythons
  5 bats
  3 frilled lizards
  7 goblins
  9 rats
82 creatures vanquished.

Notes
Turn   | Place    | Note
-------+----------+-------------------------------------------
     0 | D:1      | Gorglomux the Vine Stalker Assassin began the quest for the Orb.
     0 | D:1      | Reached XP level 1. HP: 11/11 MP: 2/2
    57 | D:1      | Reached skill level 2 in Short Blades
   336 | D:1      | Reached skill level 5 in Stealth
   336 | D:1      | Reached XP level 2. HP: 14/15 MP: 3/3
  1057 | D:2      | Reached XP level 3. HP: 18/18 MP: 4/4
  1255 | D:2      | Gained mutation: Your natural rate of healing is unusually fast. [Vine Stalker growth]
  1255 | D:2      | Reached XP level 4. HP: 23/23 MP: 5/5
  1261 | D:2      | Reached skill level 3 in Short Blades
  1273 | D:2      | Reached skill level 6 in Stealth
  1967 | D:3      | Reached XP level 5. HP: 22/26 MP: 6/6
  2219 | D:3      | Noticed Ijyb
  2230 | D:3      | Killed Ijyb
  2844 | D:4      | Reached skill level 7 in Stealth
  2855 | D:4      | Reached skill level 4 in Short Blades
  2873 | D:4      | Noticed a phantom
  2873 | D:4      | Noticed an ogre
  2883 | D:4      | Reached XP level 6. HP: 30/30 MP: 7/7
  2992 | D:4      | Killed a phantom
  3226 | D:4      | HP: 3/30 [orc priest/divine providence (11)]
  3236 | D:4      | Killed from afar by an orc priest

Vault maps used:
D:1:      dpeg_arrival_orchard
D:2:      dk_noncrumbling_2, fountainhead
D:3:      guppyfry_early_orc_mine, uniq_ijyb
D:4:      first_bread

Skill      XL: |  1  2  3  4  5 |
---------------+----------------+-----
Short Blades   | 2 3 4 |  4.7
Stealth        | 5 6 7 |  7.9
Fighting       | |  1.7
Throwing       | |  1.7
Dodging        | |  0.7

Action                   |  1- 3 |  4- 6 || total
-------------------------+-------+-------++-------
Melee: Dagger            |    88 |   232 ||   320
       Bite              |    16 |    72 ||    88
 Fire: Blowgun           |     2 |     4 ||     6
Evoke: Wand              |       |     1 ||     1
 Stab: Sleeping          |    10 |    11 ||    21
  Eat: Chunk             |     1 |     6 ||     7
Armor: Robe              |    14 |    34 ||    48
Dodge: Dodged            |    42 |    99 ||   141

Vault maps used:
D:1:      dpeg_arrival_orchard
D:2:      dk_noncrumbling_2, fountainhead
D:3:      guppyfry_early_orc_mine, uniq_ijyb
D:4:      first_bread

Table legend:
 A = Turns spent in this place as a percentage of turns spent in the entire game.
 B = Non-inter-level travel turns spent in this place as a percentage of non-inter-level travel turns spent in the entire game.
 C = Inter-level travel turns spent in this place as a percentage of turns spent in this place.
 D = Turns resting spent in this place as a percentage of non-inter-level travel turns spent in this place.
 E = Turns spent auto-exploring this place as a percentage of non-inter-level travel turns spent in this place.
 F = Non-inter-level travel turns spent in this place divided by the number of levels of this place that you've seen.
                   A       B       C       D       E      F
               +-------+-------+-------+-------+-------+----------------------
         Total | 100.0 | 100.0 |   0.2 |   0.4 |   7.7 | 355.2
       Dungeon | 100.0 | 100.0 |   0.2 |   0.4 |   7.7 | 355.2
               +-------+-------+-------+-------+-------+----------------------

Table legend:
 A = Kills in this place as a percentage of kills in entire the game.
 B = Kills by you in this place as a percentage of kills by you in the entire game.
 C = Kills by friends in this place as a percentage of kills by friends in the entire game.
 D = Other kills in this place as a percentage of other kills in the entire game.
 E = Experience gained in this place as a percentage of experience gained in the entire game.
 F = Experience gained in this place divided by the number of levels of this place that you have seen.
                   A       B       C       D       E      F
               +-------+-------+-------+-------+-------+----------------------
         Total | 100.0 | 100.0 |  -nan |  -nan | 100.0 | 143.2
       Dungeon | 100.0 | 100.0 |  -nan |  -nan | 100.0 | 143.2
               +-------+-------+-------+-------+-------+----------------------
